AoeStats
← annekristel15

Arena

509697379Analyzed
1v1 RM · 4d ago on Sep 27, 2026· 33m 11s· 2 players
Game mode
Random Map
Map size
Tiny (2 player)
Population
200
Speed
Normal
Resources
Standard
Victory
Conquest
Starting age
Dark Age
Ending age
Imperial Age
RankedLock teamsTeams togetherTeam positionsShared explorationLock speedFull tech treeHidden civsTurbo modeCheats
Victory
Defeat
🇳🇱 Franks · Netherlands
280
+19
🇳🇱 Celts · Netherlands
341
-19
stayg_apc
6:30 Loom
11:10 Feudal Age
14:12 Wheelbarrow
13:22 Town Watch
13:34 Stone Mining
16:10 Double-Bit Axe
16:19 Gold Mining
19:46 Man-at-Arms
23:13 Forging
23:03 Scale Mail Armor
31:34 Castle Age
33:38 Hand Cart
33:24 Town Patrol
34:24 Gold Shaft Mining
annekristel15
14:25 Feudal Age
16:16 Man-at-Arms
19:51 Wheelbarrow
19:35 Horse Collar
23:34 Double-Bit Axe
Connection lost

Rejoining the realm…

Still unreachable

The connection could not be restored.

Session expired

The server has moved on; the page needs a fresh start.